 Dungeon Crawl Stone Soup version 0.21-a0-241-g2cbab09 (webtiles) character file.

242 Gorice the Cudgeler (level 6, 0/48 HPs)
             Began as a Gnoll Berserker on Sept 3, 2017.
             Was a Believer of Trog.
             Slain by Sigmund
             ... wielding a +0 scythe
              (6 damage)
             ... on level 3 of the Dungeon.
             The game lasted 00:08:33 (2736 turns).

Gorice the Cudgeler (Gnoll Berserker)               Turns: 2736, Time: 00:08:33

Health: 0/48       AC:  7    Str:  7    XL:     6   Next: 9%
Magic:  6/6        EV:  8    Int:  7    God:    Trog [**....]
Gold:   45         SH:  0    Dex:  7    Spells: 5/5 levels left

rFire    . . .     SeeInvis .   a - +0 flail
rCold    . . .     Gourm    .   (no shield)
rNeg     . . .     Faith    .   h - +0 scale mail
rPois    .         Spirit   .   (no helmet)
rElec    .         Reflect  .   (no cloak)
rCorr    .         Harm     .   d - -1 pair of gloves
MR       ++...                  (no boots)
Stlth    ..........             (no amulet)
HPRegen  1.16/turn              (no ring)
MPRegen  0.10/turn              (no ring)

@: berserk cooldown, regenerating
A: unchanging attributes, fangs 1, strong nose
a: Berserk, Trog's Hand, Burn Spellbooks, Renounce Religion


You were on level 3 of the Dungeon.
You worshipped Trog.
Trog was pleased with you.
You were hungry.

You visited 1 branch of the dungeon, and saw 3 of its levels.

You collected 45 gold pieces.

Inventory:

Hand Weapons
 a - a +0 flail (weapon)
 r - a +0 mace
Missiles
 g - 24 sling bullets
 m - 2 tomahawks (quivered)
 n - 18 bolts
 Z - 24 stones
Armour
 b - a +0 animal skin
 d - a -1 pair of gloves (worn)
 h - a +0 scale mail (worn)
 s - a +0 chain mail
Jewellery
 k - an uncursed ring of magical power
Scrolls
 i - 2 scrolls of remove curse
Potions
 j - 2 potions of mutation {!q}
 o - a potion of curing {unknown}
 q - a potion of magic {unknown}
Comestibles
 c - 3 bread rations {!e}
 f - 7 chunks of flesh
 l - a royal jelly
 p - 2 meat rations {!e}


   Skills:
 - Level 4.0 Fighting
 * Level 7.7 Maces & Flails
 + Level 4.7 Armour
 - Level 2.6 Dodging


You had 5 spell levels left.
You didn't know any spells.

Dungeon Overview and Level Annotations

Branches:
Dungeon (3/15)

Altars:
Ru

Annotations:
D:3 Sigmund


Innate Abilities, Weirdness & Mutations

Your physical attributes are unchanging.
You have very sharp teeth.
Your uncanny sense of smell can sniff out nearby items.


Message History

Your skin crawls.
You feel resistant to hostile enchantments.
You feel somewhat more hungry.
Sigmund hits you from afar with a scythe.
* * * LOW HITPOINT WARNING * * *
Damage: 4 (max 4) Unknown command.
Eat one of 8 chunks of flesh? (ye/n/q)
You eat one of the 8 chunks of flesh.
This raw flesh tastes terrible.
You are feeling hungry.
Sigmund casts a spell at you. The puff of flame hits you!
* * * LOW HITPOINT WARNING * * *
Unknown command.
Sigmund hits you with a scythe.
* * * LOW HITPOINT WARNING * * *
Unknown command.
Okay, then.
You hit Sigmund.
Sigmund is moderately wounded.
Sigmund hits you with a scythe!
* * * LOW HITPOINT WARNING * * *
Damage: 6 (max 6) Unknown command.
You barely miss Sigmund.
Sigmund is moderately wounded.
Sigmund closely misses you.
Unknown command.
You hit Sigmund.
Sigmund is heavily wounded.
Sigmund hits you with a scythe!
* * * LOW HITPOINT WARNING * * *
Damage: 6 (max 6) Unknown command.
You hit Sigmund.
Sigmund is severely wounded.
You feel yourself speed up. Sigmund barely misses you.
Unknown command.
You barely miss Sigmund.
Sigmund is severely wounded.
Sigmund's eyes start glowing with a red light.
Sigmund hits you with a scythe!
* * * LOW HITPOINT WARNING * * *
Damage: 6 (max 6) Unknown command.
You hit Sigmund.
Sigmund is severely wounded.
Sigmund hits you with a scythe.
You die...

#### ##### #...##...##
.......<..## ...........#
...........# ...........#
..........## .#
#...##....#### .# ####
####..@@## #.. ######
####..#### .. #....# ##..รท.#
.# #....## ####.##.# .#
#.....# ####....#...#
#.<).)### ###@....(<....#
#...@...#######........(##..#
#...............#.......# . #
#......###.......####......


You could see Sigmund.

Vanquished Creatures
  An ogre (D:3)
  An orc priest (D:3)
  7 adders
  A worm (D:2)
  A dart slug (D:3)
  A leopard gecko (D:1)
  7 orcs
  5 bats
  A giant cockroach (D:2)
  13 goblins
  3 hobgoblins
  3 kobolds (D:2)
  A ball python (D:1)
  4 frilled lizards
  4 rats (D:2)
53 creatures vanquished.

Notes
Turn   | Place    | Note
-------+----------+-------------------------------------------
     0 | D:1      | Gorice the Gnoll Berserker began the quest for the Orb.
     0 | D:1      | Reached XP level 1. HP: 19/19 MP: 1/1
   159 | D:1      | Reached XP level 2. HP: 19/25 MP: 2/2
   560 | D:2      | Reached skill level 5 in Maces & Flails
   560 | D:2      | Reached skill level 3 in Armour
   783 | D:2      | Reached XP level 3. HP: 27/30 MP: 3/3
  1032 | D:2      | HP: 12/45 [adder (4)]
  1037 | D:2      | HP: 10/45 [poisoned by an adder]
  1042 | D:2      | HP: 4/30 [poisoned by an adder]
  1048 | D:2      | HP: 2/30 [poisoned by an adder]
  1054 | D:2      | HP: 1/30 [poisoned by an adder]
  1411 | D:2      | Found a sacrificial altar of Ru.
  1432 | D:2      | Reached XP level 4. HP: 33/37 MP: 4/4
  1495 | D:2      | Reached ** piety under Trog
  1627 | D:2      | Reached skill level 6 in Maces & Flails
  2036 | D:3      | Noticed an ogre
  2046 | D:3      | HP: 14/55 [ogre/giant spiked club (17)]
  2048 | D:3      | HP: 1/55 [ogre/giant spiked club (13)]
  2049 | D:3      | Killed an ogre
  2049 | D:3      | Reached skill level 7 in Maces & Flails
  2049 | D:3      | Reached skill level 4 in Armour
  2049 | D:3      | Reached XP level 5. HP: 1/42 MP: 5/5
  2054 | D:3      | HP: 1/63 [goblin/dagger (1)]
  2097 | D:3      | --phew!
  2458 | D:3      | Noticed Sigmund
  2658 | D:3      | Reached XP level 6. HP: 48/48 MP: 6/6
  2712 | D:3      | HP: 12/48 [something (8)]
  2731 | D:3      | HP: 14/48 [Sigmund/scythe (8)]
  2735 | D:3      | HP: 5/48 [Sigmund/scythe (8)]
  2736 | D:3      | Slain by Sigmund

Vault maps used:
D:1:      co_arrival_random_square_maze
D:2:      nicolae_ru_sacrificial_ziggurat
D:3:      first_bread, hangedman_decor_points, minmay_ogre_servants,
          uniq_sigmund, uniq_grinder

Skill      XL: |  1  2  3  4 |
---------------+-------------+-----
Maces & Flails | 5 7 |  7.7
Armour         | 3 4 |  4.7
Fighting       | |  4.0
Dodging        | |  2.6

Action                   |  1- 3 |  4- 6 || total
-------------------------+-------+-------++-------
Melee: Mace              |    93 |    82 ||   175
       Bite              |     6 |     6 ||    12
       Flail             |       |    76 ||    76
Throw: Stone             |     3 |       ||     3
       Tomahawk          |       |     3 ||     3
Invok: Berserk           |     1 |     3 ||     4
       Trog's Hand       |       |     1 ||     1
  Use: Scroll            |     4 |     1 ||     5
       Potion            |       |     1 ||     1
  Eat: Chunk             |     2 |     7 ||     9
Armor: Animal skin       |    12 |       ||    12
       Scale mail        |    33 |    92 ||   125
Dodge: Dodged            |    40 |    65 ||   105

Table legend:
 A = Spawn XP
 B = Non-spawn XP
 C = Spawn XP percentage of total XP
 D = Spawn monster count
 E = Non-spawn monster count
 F = Spawn count percentage of total count
 G = Total turns spent on level
                    A         B        C        D         E        F      G
               +---------+---------+-------+---------+---------+-------+---------
         Total |      15 |     332 |   4.3 |       3 |      50 |   5.7 |  2736
               +---------+---------+-------+---------+---------+-------+---------
           D:1 |       0 |      14 |   0.0 |       0 |       7 |   0.0 |   548
           D:2 |       2 |     106 |   1.9 |       2 |      26 |   7.1 |  1589
           D:3 |      13 |     212 |   5.8 |       1 |      17 |   5.6 |   599
               +---------+---------+-------+---------+---------+-------+---------

Table legend:
 A = Turns spent in this place as a percentage of turns spent in the entire game.
 B = Non-inter-level travel turns spent in this place as a percentage of non-inter-level travel turns spent in the entire game.
 C = Inter-level travel turns spent in this place as a percentage of turns spent in this place.
 D = Turns resting spent in this place as a percentage of non-inter-level travel turns spent in this place.
 E = Turns spent auto-exploring this place as a percentage of non-inter-level travel turns spent in this place.
 F = Non-inter-level travel turns spent in this place divided by the number of levels of this place that you've seen.
                   A       B       C       D       E      F
               +-------+-------+-------+-------+-------+----------------------
         Total | 100.0 | 100.0 |   2.4 |  40.7 |  28.9 | 890.0
       Dungeon | 100.0 | 100.0 |   2.4 |  40.7 |  28.9 | 890.0
               +-------+-------+-------+-------+-------+----------------------

Vault maps used:
D:1:      co_arrival_random_square_maze
D:2:      nicolae_ru_sacrificial_ziggurat
D:3:      first_bread, hangedman_decor_points, minmay_ogre_servants,
          uniq_sigmund, uniq_grinder
